 Dungeon Crawl Stone Soup version 0.28.0-49-g6dfe1f597d (webtiles) character file.

Game seed: 13217592615295578405

100 Zeld the Conjurer (level 4, 0/36 HPs)
             Began as a Draconian Conjurer on May 16, 2022.
             Succumbed to an adder's poison
             ... on level 3 of the Dungeon.
             The game lasted 00:01:51 (1558 turns).

Zeld the Conjurer (Draconian Conjurer)              Turns: 1558, Time: 00:01:52

Health: 0/36       AC:  5    Str:  9    XL:     4   Next: 46%
Magic:  1/8        EV: 12    Int: 21    God:
Gold:   48         SH:  0    Dex:  9    Spells: 5/8 levels left

rFire   . . .      SeeInvis .   a - +2 dagger (venom)
rCold   . . .      Faith    .   (no shield)
rNeg    . . .      Spirit   .   (armour unavailable)
rPois   .          Reflect  .   (helmet restricted)
rElec   .          Harm     .   (no cloak)
rCorr   .          Rampage  .   (no gloves)
Will    .....                   (no boots)
Stlth   ++........              (no amulet)
HPRegen 0.12/turn               (no ring)
MPRegen 0.11/turn               (no ring)

@: lethally poisoned (0 -> -1)
A: AC +5, unfitting armour, cold-blooded
a: no special abilities


You were on level 3 of the Dungeon.
You visited 1 branch of the dungeon, and saw 3 of its levels.

You collected 48 gold pieces.

Inventory:

Hand Weapons
 a - a +2 dagger of venom (weapon)
Scrolls
 b - a scroll of teleportation {unknown}
 c - a scroll of immolation {unknown}
 d - a scroll of fear {unknown}
 g - a scroll of identify {unknown}
Potions
 e - a potion of curing {unknown}
 f - a potion of attraction {unknown}


   Skills:
 * Level 2.0 Fighting
 + Level 2.1 Dodging
 + Level 2.2 Stealth
 * Level 2.8 Spellcasting
 * Level 4.6 Conjurations


You had 5 spell levels left.
You knew the following spells:

 Your Spells              Type           Power      Damage    Failure   Level
a - Magic Dart            Conj           88%        1d7       1%          1
b - Searing Ray           Conj           44%        2d6       3%          2

Your spell library contained the following spells:

 Spells                   Type           Power      Damage    Failure   Level
 Shock                    Conj/Air       48%        1d6       5%          1
 Dazzling Flash           Conj/Hex       24%        N/A       16%         3
 Swiftness                Air            3%         N/A       38%         3
 Fulminant Prism          Conj/Hex       6%         3d7       45%         4
 Iskenderun's Mystic Bla  Conj/Tloc      12%        2d5       45%         4
 Airstrike                Air            1%         N/A       80%         4


Dungeon Overview and Level Annotations

Branches:
Dungeon (3/15)

Altars:

Annotations:
D:2 1 runed translucent door, Crazy Yiuf


Innate Abilities, Weirdness & Mutations

Your plain brown scales are hard. (AC +5)
You cannot fit into any form of body armour.
You are cold-blooded and may be slowed by cold attacks.


Message History

Casting: Searing Ray (safe; 3% risk of failure)
Confirm with . or Enter, or press ? or * to list all spells.
Aiming: Searing Ray (safe; 3% risk of failure)
Press: ? - help, Shift-Dir - straight line, f - bat
Aim: a bat (66% to hit)
The searing ray hits the bat.
You kill the bat! (Press . to maintain the ray.)
* * * LOW HITPOINT WARNING * * *
You feel sick.
You kill the adder!
The kobold throws a stone.
The stone hits you.
* * * LOW HITPOINT WARNING * * *
Your Fighting skill increases to level 2!
Unknown command.
Casting: Searing Ray (safe; 3% risk of failure)
Confirm with . or Enter, or press ? or * to list all spells.
Restarting spell: Searing Ray (safe; 3% risk of failure)
Press: ? - help, Shift-Dir - straight line, f - kobold
Aim: a kobold, wielding a +0 dagger and quivering stones (72% to hit)
The searing ray hits the kobold!
You kill the kobold! (Press . to maintain the ray.)
* * * LOW HITPOINT WARNING * * *
You feel sick.
Unknown command.
The searing ray hits the endoplasm!
You kill the endoplasm!
* * * LOW HITPOINT WARNING * * *
You feel sick.
Unknown command.
Unknown command.
* * * LOW HITPOINT WARNING * * *
You feel sick.
You finish channelling your searing ray.
* * * LOW HITPOINT WARNING * * *
You feel sick.
* * * LOW HITPOINT WARNING * * *
You feel sick.
You die...

############
#.......†..##
....)..@....#
.............#
.............#
.............#
.............#
...$.[....<..#
............##
#..........##


There were no monsters in sight!

Vanquished Creatures
  Jessica (D:2)
  4 adders
  2 worms (D:2)
  A dart slug (D:2)
  A ball python (D:2)
  6 bats
  An endoplasm (D:3)
  5 giant cockroaches
  A goblin (D:2)
  3 hobgoblins (D:2)
  A quokka (D:2)
  3 kobolds
  A rat (D:2)
30 creatures vanquished.

Notes
Turn   | Place    | Note
-------+----------+-------------------------------------------
     0 | D:1      | Zeld the Draconian Conjurer began the quest for the Orb.
     0 | D:1      | Reached XP level 1. HP: 14/14 MP: 3/3
   313 | D:2      | Reached XP level 2. HP: 8/22 MP: 0/5
   316 | D:2      | Learned a level 2 spell: Searing Ray
   556 | D:2      | Reached skill level 1 in Fighting
   751 | D:2      | Reached XP level 3. HP: 28/28 MP: 0/6
   876 | D:2      | Noticed Jessica
   879 | D:2      | Killed Jessica
   941 | D:2      | Reached XP level 4. HP: 16/36 MP: 1/8
  1190 | D:2      | Found a runed translucent door.
  1191 | D:2      | Noticed Crazy Yiuf
  1556 | D:3      | HP: 1/36 [poisoned by an adder]
  1558 | D:3      | Succumbed to an adder's poison

Illustrated notes

Levels and vault maps discovered:
D:1:      dpeg_arrival_round_b, layout_rooms, serial_shops,
          nicolae_shop_hallway_stairs, solitary_fountain, chequers_garden,
          minmay_tromino_v4_a
D:2:      layout_loops_cross, serial_shops, shop, uniq_jessica,
          uniq_crazy_yiuf_cottage
D:3:      layout_rooms, shapermc_ecumenical_altar_flowoftime

Skill      XL: |  1  2  3  4 |
---------------+-------------+-----
Fighting       | 1 2 |  2.0
Stealth        | 2 |  2.2
Dodging        | 2 |  2.1
Spellcasting   | |  2.8
Conjurations   | |  4.6

Action                   |  1- 3 |  4- 6 || total
-------------------------+-------+-------++-------
Melee: Unarmed           |    28 |       ||    28
       Tailslap          |     2 |     5 ||     7
       Dagger            |       |    39 ||    39
       Punch             |       |     1 ||     1
 Cast: Magic Dart        |    39 |       ||    39
       Searing Ray       |     2 |     2 ||     4
 Stab: Sleeping          |       |     1 ||     1
Armor: Skin              |    20 |    12 ||    32
Dodge: Dodged            |    30 |    31 ||    61
